Match 43235247
Unlisted

Match 43235247
End
Scout Squad
Construct Barracks
Selects Advanced Infantry Battlegroup
Riflemen Squad
Riflemen Squad
M1 Mortar Team
Engineer Squad
Grenade Package
Selects Convert to Ranger Squad
Mechanized Support Center
Convert to Ranger Squad
Construct Motor Pool
Blanco
SmeltedElk
la
MoriMusic
KOR_Leonie
승희최
최희승
[38.] GunMa91
0
0

Comments sign in to comment!

No comments posted yet!